AoeStats
← Chiripa605

Lombardia

508667837Analyzed
4v4 RM · 8d ago on Sep 23, 2026· 12m 45s· 8 players
Game mode
Random Map
Map size
Large (8 player)
Population
200
Speed
Normal
Resources
Standard
Victory
Conquest
Starting age
Dark Age
Ending age
Imperial Age
RankedLock teamsTeams togetherTeam positionsShared explorationLock speedFull tech treeHidden civsTurbo modeCheats
Victory
Defeat
🇻🇳 Varangians · Vietnam
1454
+13
🇫🇮 Cumans · Finland
1450
+13
🇺🇸 Hindustanis · United States
1441
+13
🇨🇳 Italians · China
1439
+13
🇹🇼 Danes · Taiwan
1399
-14
🇹🇼 Saxons · Taiwan
1384
-13
🇹🇼 Franks · Taiwan
1384
-13
🇹🇼 Bohemians · Taiwan
1354
-12
Chiripa605
10:38 Feudal Age
15:09 Castle Age
Mizii
8:33 Loom
10:47 Feudal Age
11:47 Double-Bit Axe
12:21 Horse Collar
超级硬邦邦
10:20 Feudal Age
10:46 Loom
5:52 Loom
9:23 Feudal Age
10:08 Double-Bit Axe
12:14 Bloodlines
kfcman5566
11:30 Feudal Age
CodyRay
11:22 Feudal Age
1★跳高獵人
12:24 Feudal Age
Captain Jack Sparrow
10:46 Feudal Age
11:45 Double-Bit Axe
14:48 Castle Age
Connection lost

Rejoining the realm…

Still unreachable

The connection could not be restored.

Session expired

The server has moved on; the page needs a fresh start.